 Dungeon Crawl Stone Soup version 0.30-a0-782-ge64f9170bb (webtiles) character file.

Game seed: 7927731036009385061

145 mopl the Gusty (level 5, 0/38 HPs)
             Began as a Draconian Air Elementalist on Mar 13, 2023.
             Slain by a kobold brigand
             ... wielding a +0 short sword
              (4 damage)
             ... on level 4 of the Dungeon.
             The game lasted 00:03:11 (1800 turns).

mopl the Gusty (Draconian Air Elementalist)         Turns: 1800, Time: 00:03:12

Health: 0/38       AC:  5    Str: 10    XL:     5   Next: 6%
Magic:  0/9        EV: 12    Int: 23    God:
Gold:   66         SH:  0    Dex: 12    Spells: 7/10 levels left

rFire   . . .      SeeInvis .    i - +4 whip
rCold   . . .      Faith    .    (no shield)
rNeg    . . .      Spirit   .    (body armour unavailable)
rPois   .          Reflect  .    (helmet restricted)
rElec   .          Harm     .    (no cloak)
rCorr   .          Rampage  .    (no gloves)
Will    .....                    (no boots)
Stlth   ++                       (no amulet)
HPRegen 0.26/turn                m - +6 ring of intelligence
MPRegen 0.11/turn                (no ring)

@: no status effects
A: AC +5, unfitting armour, cold-blooded
a: no special abilities


You were on level 4 of the Dungeon.
You visited 1 branch of the dungeon, and saw 4 of its levels.

You collected 92 gold pieces.
You spent 26 gold pieces at shops.

Inventory:

Hand Weapons
 i - a +4 whip (weapon)
Magical Staves
 k - a staff of fire
Jewellery
 m - a +6 ring of intelligence (left hand)
Scrolls
 b - 3 scrolls of identify
 c - 4 scrolls of teleportation {unknown}
 d - a scroll of poison {unknown}
 e - 2 scrolls of fear {unknown}
 h - 2 scrolls of enchant weapon {unknown}
 j - a scroll of fog {unknown}
 l - a scroll of silence {unknown}
 n - a scroll of blinking {unknown}
 o - a scroll of noise {unknown}
 p - a scroll of brand weapon {unknown}
Potions
 a - a potion of magic
 f - 2 potions of curing
 g - a potion of resistance
 q - a potion of flight {unknown}


   Skills:
 - Level 1.7 Dodging
 - Level 1.7 Stealth
 + Level 3.2 Spellcasting
 + Level 2.9 Conjurations
 + Level 4.1 Air Magic


You had 7 spell levels left.
You knew the following spells:

 Your Spells              Type           Power      Damage    Failure   Level
a - Shock                 Conj/Air       76%        1d7       2%          1
b - Static Discharge      Conj/Air       38%        2-4/arc   4%          2

Your spell library contained the following spells:

 Spells                   Type           Power      Damage    Failure   Level
 Swiftness                Air            22%        N/A       6%          3
 Momentum Strike          Conj/Tloc      20%        3d8       10%         2
 Blink                    Tloc           6%         N/A       17%         2
 Lesser Beckoning         Tloc           6%         N/A       17%         2
 Airstrike                Air            11%        2d(2-18)  21%         4
 Summon Forest            Summ/Tloc      1%         N/A       97%         5
 Eringya's Noxious Bog    Tmut/Pois      1%         N/A       100%        6
 Summon Hydra             Summ           1%         N/A       100%        7


Dungeon Overview and Level Annotations

Branches:
Dungeon (4/15)
 Temple: D:4-7

Altars:

Shops:
D:1 ?   D:4 [

Annotations:
D:2 Sigmund
D:4 1 runed translucent door, Domino's ghost, amateur MiBe


Innate Abilities, Weirdness & Mutations

Your plain brown scales are hard. (AC +5)
You cannot fit into any form of body armour.
You are cold-blooded and may be slowed by cold attacks.


Message History

The orc priest is heavily wounded.
The kobold brigand hits you with a +0 short sword.
The orc priest calls down the wrath of Beogh upon you.
Beogh smites you!
Unknown command.
Casting: Shock (safe; 2% risk of failure)
Confirm with . or Enter, or press ? or * to list all spells.
Aiming: Shock (safe; 2% risk of failure)
Press: ? - help, Shift-Dir - straight line, f/p - orc priest
Aim: an orc priest, wielding a +0 dagger and wearing a +0 chain mail (heavily wounded, 79% to hit)
The zap hits the kobold brigand.
The kobold brigand is heavily wounded.
The zap hits the orc priest.
The orc priest is almost dead.
The kobold brigand barely misses you.
The orc priest calls upon Beogh to heal the orc.
The orc is healed somewhat.
Unknown command.
Casting: Shock (safe; 2% risk of failure)
Confirm with . or Enter, or press ? or * to list all spells.
You don't have enough magic to cast this spell.
Unknown command.
Unknown command.
You hit the kobold brigand.
The kobold brigand is heavily wounded.
The kobold brigand hits you with a +0 short sword.
* * * LOW HITPOINT WARNING * * *
The orc priest calls upon Beogh to heal the orc.
The orc's wounds heal themselves!
The kobold brigand hits you with a +0 short sword!
* * * LOW HITPOINT WARNING * * *
Casting: Shock (safe; 2% risk of failure)
Confirm with . or Enter, or press ? or * to list all spells.
Aiming: Shock (safe; 2% risk of failure)
Press: ? - help, Shift-Dir - straight line, f/p - orc priest
Aim: an orc priest, wielding a +0 dagger and wearing a +0 chain mail (almost dead, 79% to hit)
The zap misses the kobold brigand.
The zap hits the orc priest.
You kill the orc priest!
The kobold brigand hits you with a +0 short sword.
You die...

###
###################.#
....................#
###################.#
#.# ### #########
#.@Ko...# #.##)...#
#.# ...# #####.# [[#
########.....# .#
#......#.....# #
#####.........# ###
~!WSFS+...#.....# #.#
#######...#.....# #.#


You could see a kobold brigand and an orc.

Vanquished Creatures
  2 orc priests (D:4)
  Natasha (D:3)
  An adder (D:4)
  4 gnolls (D:4)
  A dart slug (D:4)
  2 orcs
  A bat (D:2)
  3 endoplasms
  2 giant cockroaches (D:4)
  5 hobgoblins
  4 jackals (D:4)
  A quokka (D:1)
  4 ball pythons
  3 frilled lizards
  2 goblins (D:1)
  2 kobolds (D:1)
  5 rats
43 creatures vanquished.

Notes
Turn   | Place    | Note
-------+----------+-------------------------------------------
     0 | D:1      | mopl the Draconian Air Elementalist began the quest for the
                  | Orb.
     0 | D:1      | Reached XP level 1. HP: 14/14 MP: 3/3
   174 | D:1      | Reached XP level 2. HP: 18/20 MP: 0/5
   177 | D:1      | Learned a level 2 spell: Static Discharge
   307 | D:1      | Found Muptuney's Magic Scroll Shop.
   316 | D:1      | Bought a scroll of identify for 26 gold pieces
   454 | D:2      | Noticed Sigmund
   498 | D:1      | You fall into a shaft and drop 1 floor!
   895 | D:3      | Noticed Natasha
   903 | D:3      | Killed Natasha
   904 | D:3      | Reached skill level 2 in Conjurations
   904 | D:3      | Reached XP level 3. HP: 23/26 MP: 4/6
  1536 | D:4      | Found Xufoasol's Antique Armour Shoppe.
  1576 | D:4      | Reached XP level 4. HP: 14/33 MP: 1/8
  1600 | D:4      | Reached skill level 3 in Spellcasting
  1678 | D:4      | Identified the +1 leather armour "Voibasil" {rElec rF-
                  | Regen+ Slay-4}
  1727 | D:4      | Reached skill level 4 in Air Magic
  1752 | D:4      | Found a runed translucent door.
  1752 | D:4      | Noticed a bullfrog
  1763 | D:4      | Noticed Domino's ghost (amateur MiBe)
  1790 | D:4      | Noticed a kobold brigand
  1794 | D:4      | Reached XP level 5. HP: 37/38 MP: 5/9
  1800 | D:4      | Slain by a kobold brigand

Illustrated notes

Levels and vault maps discovered:
D:1:      wander_arrival_peaceful_grave, layout_rooms, serial_shops, shop
D:2:      layout_rooms, uniq_sigmund, uniq_robin
D:3:      layout_basic, chequers_serial_rivers_large_b, serial_park_tiny_1,
          uniq_natasha
D:4:      layout_basic, grunt_temple_overflow_bloody_war, ebering_ghost_sewer_d,
          serial_shops, nicolae_lakefront_shop, nicolae_nh_ransacked_shop

Skill      XL: |  1  2  3  4 |
---------------+-------------+-----
Conjurations   | 2 |  2.9
Spellcasting   | 3 |  3.2
Air Magic      | 4 |  4.1
Dodging        | |  1.7
Stealth        | |  1.7

Action                     |  1- 3 |  4- 6 || total
---------------------------+-------+-------++-------
  Melee: Unarmed           |    22 |       ||    22
         Tailslap          |     7 |     1 ||     8
         Whip              |    11 |    19 ||    30
   Cast: Shock             |    42 |    21 ||    63
         Static Discharge  |     1 |       ||     1
    Use: Scroll            |     2 |       ||     2
   Stab: Sleeping          |     1 |       ||     1
 Armour: Skin              |    15 |    14 ||    29
  Dodge: Dodged            |    28 |    34 ||    62

Table legend: (Time is in decaauts)
 A = Elapsed time spent in this place.
 B = Non-inter-level travel time spent in this place.
 C = Inter-level travel time spent in this place.
 D = Time resting spent in this place.
 E = Time spent auto-exploring this place.
 F = Levels seen in this place.
 G = Mean time per level.
                   A        B        C        D        E       F      G
               +--------+--------+--------+--------+--------+-----+--------+
         Total |   1867 |   1806 |     61 |    142 |   1368 |   4 |  466.8 |
       Dungeon |   1867 |   1806 |     61 |    142 |   1368 |   4 |  466.8 |
               +--------+--------+--------+--------+--------+-----+--------+

Top non-repeatable levels by time:
     D:3: 804 daAuts
     D:4: 519 daAuts
     D:1: 492 daAuts
     D:2: 50 daAuts
